 Dungeon Crawl Stone Soup version 0.27-a0-1188-g73eefd5def (webtiles) character file.

Game seed: 6197256787701380980

204 ahrsahrtis the Chucker (level 5, -6/57 HPs)
             Began as an Ogre Hunter on May 21, 2021.
             Was an Initiate of Qazlal.
             Mangled by a river rat (7 damage)
             ... on level 4 of the Dungeon.
             The game lasted 00:17:28 (5248 turns).

ahrsahrtis the Chucker (Ogre Hunter)                Turns: 5248, Time: 00:17:29

Health: -6/57      AC:  3    Str: 17    XL:     5   Next: 82%
Magic:  5/5        EV:  9    Int: 18    God:    Qazlal [......]
Gold:   90         SH:  0    Dex:  9    Spells: 4/4 levels left

rFire    . . .     SeeInvis .   a - +0 short sword
rCold    . . .     Faith    .   (no shield)
rNeg     . . .     Spirit   .   b - +0 robe
rPois    .         Reflect  .   (helmet restricted)
rElec    .         Harm     .   (no cloak)
rCorr    .         Rampage  .   (gloves unavailable)
Will     .....                  (boots unavailable)
Stlth    +.........             (no amulet)
HPRegen  0.19/turn              e - +6 ring of intelligence
MPRegen  0.09/turn              (no ring)

@: no status effects
A: large, unfitting armour, tough skin 1
a: Renounce Religion


You were on level 4 of the Dungeon.
You worshipped Qazlal.
Qazlal was noncommittal.
You visited 2 branches of the dungeon, and saw 5 of its levels.
You also visited: Sewer.

You collected 90 gold pieces.

Inventory:

Hand Weapons
 a - a +0 short sword (weapon)
Missiles
 k - 8 poisoned darts (quivered)
 l - 2 curare-tipped darts
 o - 3 large rocks
Armour
 b - a +0 robe (worn)
Jewellery
 e - a +6 ring of intelligence (left hand)
 q - a ring of positive energy
Scrolls
 f - a scroll of magic mapping {unknown}
 g - a scroll of enchant weapon {unknown}
 j - a scroll of blinking {unknown}
 m - a scroll of identify {unknown}
 n - 2 scrolls of holy word {unknown}
 p - a scroll of fear {unknown}
Potions
 c - a potion of degeneration {unknown}
 d - a potion of heal wounds {unknown}
 h - a potion of attraction {unknown}
 i - a potion of brilliance {unknown}
 r - a potion of flight {unknown}


   Skills:
 + Level 5.0 Fighting
 + Level 5.1 Throwing
 + Level 2.3 Armour
 - Level 1.7 Dodging
 - Level 0.6 Stealth


You had 4 spell levels left.
You didn't know any spells.
Your spell library contained the following spells:

 Spells                   Type           Power      Damage    Failure   Level
 Corona                   Hex            0%         N/A       22%         1
 Shock                    Conj/Air       0%         1d3       22%         1
 Ensorcelled Hibernation  Hex/Ice        0%         N/A       32%         2
 Static Discharge         Conj/Air       0%         N/A       32%         2
 Confusing Touch          Hex            0%         N/A       54%         3
 Dazzling Flash           Conj/Hex       0%         N/A       54%         3
 Swiftness                Air            0%         N/A       54%         3
 Tukima's Dance           Hex            0%         N/A       54%         3
 Airstrike                Air            0%         N/A       91%         4
 Lightning Bolt           Conj/Air       0%         1d11      99%         5


Dungeon Overview and Level Annotations

Branches:
Dungeon (4/15)             Temple (1/1) D:4           Sewer (visited)

Altars:
Ashenzari
Gozag
Hepliaklqana
Makhleb
Nemelex Xobeh
Okawaru
Qazlal
Vehumet
Wu Jian
Zin

Annotations:
D:3 2 transporters


Innate Abilities, Weirdness & Mutations

You are too large for most types of armour.
You have tough skin. (AC +1)


Message History

Throw: 13 darts (poison)
Press: ? - help, Q - select action, (/) - cycle Shift-Dir - straight line, f - river rat, p - river rat
Aim: a river rat (55% to hit)
You throw a poisoned dart.
The poisoned dart closely misses the river rat.
The river rat barely misses you.
Throw: 12 darts (poison)
Press: ? - help, Q - select action, (/) - cycle Shift-Dir - straight line, f/p - river rat
Aim: a river rat (55% to hit)
You throw a poisoned dart. The poisoned dart hits the river rat.
The river rat is poisoned.
You hear a splash.
The river rat bites you but does no damage.
The river rat barely misses you.
Throw: 11 darts (poison)
Press: ? - help, Q - select action, (/) - cycle Shift-Dir - straight line, f/p - river rat
Aim: a river rat (poisoned, 55% to hit)
You throw a poisoned dart.
The poisoned dart closely misses the river rat.
The river rat bites you.
* * * LOW HITPOINT WARNING * * *
Throw: 10 darts (poison)
Press: ? - help, Q - select action, (/) - cycle Shift-Dir - straight line, f/p - river rat
Aim: a river rat (poisoned, 55% to hit)
You throw a poisoned dart. The poisoned dart hits the river rat.
The river rat looks even sicker.
You hear a splash.
The river rat closely misses you.
Throw: 9 darts (poison)
Press: ? - help, Q - select action, (/) - cycle Shift-Dir - straight line, f/p - river rat
Aim: a river rat (very poisoned, 55% to hit)
You throw a poisoned dart. The poisoned dart hits the river rat!
The river rat looks as sick as possible!
The river rat barely misses you. x2
You hit the river rat but do no damage.
The river rat twitches its whiskers.
The river rat bites you!
* * * LOW HITPOINT WARNING * * *
The river rat bites you!
You die...

#...........#
###...##......#
##≈....####+###
##≈≈...##....
###≈≈#.......
#≈†#......
#≈≈#...###.
#≈≈##......
#≈≈@####..
#.≈rr≈≈≈≈...
#≈.≈≈≈≈≈≈≈..
#(≈.#####≈≈#
##### ##


You could see 2 river rats.

Vanquished Creatures
  A hound (D:4)
  An orc priest (D:4)
  Robin (D:2)
  4 adders
  2 worms (D:4)
  A dart slug (D:2)
  3 orcs
  10 endoplasms
  2 giant cockroaches
  12 goblins
  8 hobgoblins
  15 jackals
  3 kobolds
  A quokka (D:3)
  6 ball pythons
  A bat (D:3)
  4 frilled lizards
  5 rats
80 creatures vanquished.

Notes
Turn   | Place    | Note
-------+----------+-------------------------------------------
     0 | D:1      | ahrsahrtis the Ogre Hunter began the quest for the Orb.
     0 | D:1      | Reached XP level 1. HP: 22/22 MP: 1/1
   452 | D:1      | Reached XP level 2. HP: 31/31 MP: 2/2
  1018 | D:1      | Reached skill level 1 in Armour
  1125 | D:1      | Reached XP level 3. HP: 35/37 MP: 3/3
  1520 | D:2      | Found a radiant altar of Vehumet.
  1771 | D:2      | Noticed Robin
  2132 | D:2      | Reached XP level 4. HP: 40/48 MP: 4/4
  2154 | D:2      | Killed Robin
  3502 | D:3      | Found a transporter.
  3676 | D:3      | Reached XP level 5. HP: 19/55 MP: 5/5
  4051 | D:3      | Found a glowing silver altar of Zin.
  4419 | D:3      | Found a transporter.
  4881 | D:4      | Found a staircase to the Ecumenical Temple.
  4897 | Temple   | Entered the Ecumenical Temple
  4984 | Temple   | Became a worshipper of Qazlal Stormbringer
  5027 | D:4      | Reached skill level 5 in Throwing
  5086 | D:4      | Found a glowing drain.
  5106 | D:4      | Reached skill level 5 in Fighting
  5118 | Sewer    | Entered a sewer
  5248 | D:4      | HP: 1/57 [river rat (7)]
  5248 | D:4      | Mangled by a river rat

Illustrated notes

Levels and vault maps discovered:
D:1:      roderic_chinese_lattice_arrival, layout_basic, serial_rivers,
          chequers_serial_rivers_micro_c, chequers_serial_rivers_small_3,
          chequers_serial_rivers_micro_c, chequers_serial_rivers_marsh,
          chequers_serial_rivers_large_a, chequers_serial_rivers_room_b,
          minmay_octomino_e4
D:2:      layout_basic, basic_altar, kennysheep_generic_room_10, uniq_robin
D:3:      gammafunk_steamed_eel, layout_basic, lemuel_round_altar,
          minmay_crystal_room, minmay_randomly_rotated_circles
D:4:      layout_gridville, minmay_temple_entry_statues_pillars,
          cheibrodos_sewer_entry_bend, uniq_eustachio, uniq_crazy_yiuf_cottage
Temple:   dpeg_chambers_temple

Skill      XL: |  1  2  3  4  5 |
---------------+----------------+-----
Fighting       | 3 4 5 |  5.0
Armour         | 1 2 |  2.3
Throwing       | 5 |  5.1
Dodging        | |  1.7
Stealth        | |  0.6

Action                   |  1- 3 |  4- 6 || total
-------------------------+-------+-------++-------
Melee: Short sword       |    76 |   186 ||   262
Throw: Large rock        |    23 |     9 ||    32
       Throwing net      |     2 |       ||     2
       Dart              |    17 |    27 ||    44
 Stab: Sleeping          |     1 |     1 ||     2
Armor: Robe              |    29 |    64 ||    93
Dodge: Dodged            |    51 |   115 ||   166

Table legend: (Time is in decaauts)
 A = Elapsed time spent in this place.
 B = Non-inter-level travel time spent in this place.
 C = Inter-level travel time spent in this place.
 D = Time resting spent in this place.
 E = Time spent auto-exploring this place.
 F = Levels seen in this place.
 G = Mean time per level.
                   A        B        C        D        E       F      G
               +--------+--------+--------+--------+--------+-----+--------+
         Total |   5333 |   5115 |    218 |    280 |   3669 |   6 |  888.8 |
       Dungeon |   5088 |   4891 |    197 |    280 |   3566 |   4 | 1272.0 |
        Temple |    109 |     88 |     21 |      0 |      0 |   1 |  109.0 |
         Sewer |    134 |    134 |      0 |      0 |    102 |   1 |  134.0 |
               +--------+--------+--------+--------+--------+-----+--------+

Top non-repeatable levels by time:
     D:1: 1693 daAuts
     D:2: 1654 daAuts
     D:3: 1203 daAuts
     D:4: 536 daAuts
   Sewer: 134 daAuts
  Temple: 109 daAuts
